 Dungeon Crawl Stone Soup version 0.31-a0-237-g2d982f9f85 (webtiles) character file.

Game seed: 2441186121233974526

100 qw the Shooter (level 4, 0/26 HPs)
             Began as a Gargoyle Hexslinger on July 10, 2023.
             Slain by a river rat (3 damage)
             ... on level 3 of the Dungeon.
             The game lasted 00:00:52 (2281 turns).

qw the Shooter (Gargoyle Hexslinger)                Turns: 2281, Time: 00:00:53

Health: 0/26       AC:  8    Str: 12    XL:     4   Next: 74%
Magic:  5/5        EV: 10    Int: 13    God:
Gold:   15         SH:  0    Dex: 14    Spells: 4/5 levels left

rFire   . . .        Y - +1 sling
rCold   . . .        (no shield)
rNeg    + . .        d - +0 ring mail
rPois   inf          (no helmet)
rElec   +            (no cloak)
rCorr   .            (no gloves)
SInv    .            (no boots)
Will    .....        (no amulet)
Stlth   +            (no ring)
HPRegen 0.24/turn    (no ring)
MPRegen 0.09/turn

%: no passive effects
@: very slow
A: sickness immunity, AC +3, negative energy resistance 1, electricity
resistance, torment resistance 1, petrification resistance
a: no special abilities


You were on level 3 of the Dungeon.
You visited 1 branch of the dungeon, and saw 3 of its levels.

You collected 131 gold pieces.
You spent 116 gold pieces at shops.


Innate Abilities, Weirdness & Mutations

You are immune to sickness and miasma.
Your stone body is resilient. (AC +3)
You are immune to poison.
You resist negative energy. (rN+)
You are resistant to electric shocks. (rElec)
You are resistant to unholy torment.
You are immune to petrification.


   Skills:
 - Level 2.0 Fighting
 + Level 4.3 Ranged Weapons
 - Level 1.1 Armour
 - Level 1.5 Dodging
 - Level 1.0 Spellcasting
 - Level 2.6 Hexes


You had 4 spell levels left.
You knew the following spells:

 Your Spells              Type           Power      Damage    Failure   Level
a - Slow                  Hex            28%        N/A       22%         1

Your spell library contained the following spells:

 Spells                   Type           Power      Damage    Failure   Level
 Inner Flame              Hex/Fire       4%         N/A       73%         3
 Portal Projectile        Hex/Tloc       8%         N/A       73%         3
 Cause Fear               Hex            3%         N/A       91%         4

Inventory:

Hand Weapons
 Y - a +1 sling (weapon)
Armour
 d - a +0 ring mail (worn)
 f - a +0 cloak
 g - a +0 pair of gloves
Potions
 a - a potion of heal wounds {unknown}
 b - a potion of lignification {unknown}
 c - a potion of magic {unknown}
 e - a potion of haste {unknown}

Dungeon Overview and Level Annotations

Branches:
Dungeon (3/15)

Altars:

Shops:
D:3 ([


Message History

You shoot a sling bullet.
The sling bullet closely misses the river rat.
The river rat bites you.
You shoot a sling bullet. The sling bullet hits the river rat.
The river rat is lightly wounded.
The river rat bites you but does no damage.
The river rat bites you!
You shoot a sling bullet.
The sling bullet closely misses the river rat.
The river rat completely misses you.
You shoot a sling bullet. The sling bullet hits the river rat.
The river rat is lightly wounded.
The river rat bites you but does no damage.
You shoot a sling bullet.
The sling bullet completely misses the river rat.
The river rat bites you. The river rat barely misses you.
You shoot a sling bullet.
The sling bullet closely misses the river rat.
The river rat bites you.
You shoot a sling bullet.
The sling bullet closely misses the river rat.
The river rat barely misses you.
You shoot a sling bullet. The sling bullet hits the river rat.
The river rat is heavily wounded.
The river rat misses you. The river rat closely misses you.
You shoot a sling bullet. The sling bullet hits the river rat.
The river rat is severely wounded.
The river rat bites you.
You shoot a sling bullet.
The sling bullet hits the river rat but does no damage.
The river rat is severely wounded.
The river rat closely misses you.
You shoot a sling bullet.
The sling bullet hits the river rat but does no damage.
The river rat is severely wounded.
The river rat completely misses you. The river rat bites you.
You shoot a sling bullet. The sling bullet hits the river rat.
The river rat is almost dead.
The river rat bites you.
You die...

...............'..#..............
?..............##.#........#####.
#..............##.#........#####.
#..............##.#...........##.
#.#............##.#...........##.
..#...##.......##.#...%.......###
###.#.###########.#...........#
....#.# ~~~.~rr###.####......#
#.###.# #@##.# #......###
#.....## #~##.####......##.
.......# #~##....'......'..
.......# #~#######......###
.......# #.#.........#.....
.......## #.#########...####
........########~#......##<..####
.......#~~~..~..#######.#..#.#...
.......########## #......#.#.#.


You could see a river rat and a rat.

Vanquished Creatures
  4 adders
  A worm (D:3)
  A dart slug (D:2)
  6 ball pythons
  4 endoplasms
  4 giant cockroaches
  4 goblins (D:1)
  5 hobgoblins
  2 jackals (D:3)
  3 quokkas
  8 bats
  6 frilled lizards
  8 kobolds
  5 rats
61 creatures vanquished.

Notes
Turn   | Place    | Note
-------+----------+-------------------------------------------
     0 | D:1      | qw the Gargoyle Hexslinger began the quest for the Orb.
     0 | D:1      | Reached XP level 1. HP: 12/12 MP: 2/2
     0 | D:1      | 0 ||| qw: Version: 0.3-a-52-g30416fa
     0 | D:1      | 0 ||| qw: Game counter: 5290
     0 | D:1      | 0 ||| qw: Melee chars always use a shield: true
     0 | D:1      | 0 ||| qw: God list: Okawaru
     0 | D:1      | 0 ||| qw: Allow faded altars: false
     0 | D:1      | 0 ||| qw: Do Orc after clearing Dungeon:15 true
     0 | D:1      | 0 ||| qw: Do second Lair branch before Depths: true
     0 | D:1      | 0 ||| qw: Lair rune preference: random
     0 | D:1      | 0 ||| qw: Goals: Normal
     0 | D:1      | 0 ||| PLANNING D:1-11
   160 | D:1      | Reached XP level 2. HP: 16/16 MP: 3/3
   248 | D:1      | Reached skill level 3 in Ranged Weapons
   389 | D:1      | Reached XP level 3. HP: 21/21 MP: 4/4
   665 | D:1      | 665 ||| UPGRADING to +0 ring mail.
   675 | D:1      | 675 ||| DROPPING +0 robe.
   676 | D:1      | 676 ||| READING scroll labelled COGUSE EKOPHO.
   677 | D:1      | 677 ||| DROPPING scroll of poison.
   838 | D:2      | 838 ||| Stepping ~*~*~tactically~*~*~ (outnumbered).
  1195 | D:2      | Reached XP level 4. HP: 23/26 MP: 5/5
  1196 | D:2      | Reached skill level 4 in Ranged Weapons
  1293 | D:3      | 1293 ||| PLANNING SEWER
  1417 | D:3      | Reached skill level 1 in Armour
  1565 | D:3      | Found Cuud Sek's Weapon Shop.
  1931 | D:3      | 1931 ||| RIP SEWER
  1940 | D:3      | 1940 ||| PLANNING D:1-11
  2148 | D:3      | Found Irchilitu's Armour Shoppe.
  2156 | D:3      | 2156 ||| BUYING +0 cloak (58 gold).
  2156 | D:3      | Bought a +0 cloak for 58 gold pieces
  2156 | D:3      | 2156 ||| BUYING +0 pair of gloves (58 gold).
  2156 | D:3      | Bought a +0 pair of gloves for 58 gold pieces
  2156 | D:3      | 2156 ||| SHOPLISTING +1 pair of gloves of dexterity (214
                  | gold, have 15).
  2156 | D:3      | 2156 ||| SHOPLISTING +2 ring mail of poison resistance (234
                  | gold, have 15).
  2271 | D:3      | HP: 5/26 [river rat (8)]
  2278 | D:3      | HP: 3/26 [river rat (2)]
  2281 | D:3      | Slain by a river rat

Levels and vault maps discovered:
D:1:      minmay_arrival_stone_box, layout_loops_cross
D:2:      layout_basic, hangedman_decor_riveting
D:3:      layout_basic, serial_shops, shop, shop, gup_sewer_entry_spiral,
          hangedman_abyss_or_decor_stabs, grunt_ministairs_11,
          minmay_misc_feat_pillars, grunt_decor_cap

Skill      XL: |  1  2  3  4 |
---------------+-------------+-----
Ranged Weapons | 3 4 |  4.3
Fighting       | 2 |  2.0
Armour         | 1 |  1.1
Dodging        | |  1.5
Spellcasting   | |  1.0
Hexes          | |  2.6

Action                     |  1- 3 |  4- 6 || total
---------------------------+-------+-------++-------
   Fire: Sling             |   149 |    89 ||   238
    Use: Scroll            |     1 |       ||     1
 Armour: Robe              |    15 |       ||    15
         Ring mail         |    19 |    36 ||    55
  Dodge: Dodged            |    44 |    52 ||    96

Table legend:
 A = Non-vault XP
 B = Vault XP
 C = Vault XP percentage of total XP
 D = Non-vault monster count
 E = Vault monster count
 F = Vault count percentage of total count
                 A         B        C        D         E       F
            +---------+---------+-------+---------+---------+-------
      Total |     141 |       3 |   2.1 |      59 |       2 |   3.3
            +---------+---------+-------+---------+---------+-------
        D:1 |      45 |       0 |   0.0 |      29 |       0 |   0.0
        D:2 |      50 |       0 |   0.0 |      18 |       0 |   0.0
        D:3 |      46 |       3 |   6.1 |      12 |       2 |  14.3
            +---------+---------+-------+---------+---------+-------
